 Dungeon Crawl Stone Soup version 0.21.1-1-g345015f (webtiles) character file.

25 manyhoops the Thaumaturge (level 3, -1/31 HPs)
             Began as a Gnoll Wanderer on Mar 18, 2018.
             Slain by an adder (2 damage)
             ... on level 2 of the Dungeon on Mar 21, 2018.
             The game lasted 00:01:39 (869 turns).

manyhoops the Thaumaturge (Gnoll Wanderer)           Turns: 869, Time: 00:01:41

Health: -1/31      AC:  2    Str: 16    XL:     3   Next: 4%
Magic:  9/13       EV:  8    Int: 13    God:
Gold:   37         SH:  0    Dex: 14    Spells: 19/20 levels left

rFire    + . .     SeeInvis .   l - +0 mace
rCold    + . .     Gourm    .   (no shield)
rNeg     . . .     Faith    .   d - +0 robe
rPois    +         Spirit   .   (no helmet)
rElec    +         Reflect  .   (no cloak)
rCorr    +         Harm     .   (no gloves)
MR       .....                  (no boots)
Stlth    ++........             (no amulet)
HPRegen  0.10/turn              (no ring)
MPRegen  0.13/turn              (no ring)

@: lethally poisoned (-1 -> -12), resistant, very slightly contaminated,
constricted
A: distributed training, fangs 1, strong nose
a: no special abilities


You were on level 2 of the Dungeon.
You were not hungry.

You visited 1 branch of the dungeon, and saw 2 of its levels.

You collected 37 gold pieces.

Inventory:

Hand Weapons
 e - a +0 club
 l - a +0 mace (weapon)
Armour
 d - a +0 robe (worn)
Jewellery
 j - a cursed -6 ring of dexterity {unknown}
Scrolls
 c - a scroll of teleportation
 g - 3 scrolls of identify {unknown}
 i - a scroll of enchant armour {unknown}
 m - 2 scrolls of remove curse {unknown}
 n - a scroll of magic mapping {unknown}
Potions
 h - a potion of degeneration {unknown}
 o - a potion of curing {unknown}
Books
 a - a book of Minor Magic

   Spells                             Type                      Level
   a - Magic Dart                     Conjuration                  1
   b - Blink                          Translocation                2
   c - Call Imp                       Summoning                    2
   d - Slow                           Hexes                        2
   e - Conjure Flame                  Conjuration/Fire             3
   f - Mephitic Cloud                 Conjuration/Poison/Air       3
 b - the Almanac of Poisoning

   Spells                             Type                      Level
   a - Sting                          Conjuration/Poison           1
   b - Spider Form                    Transmutation/Poison         3
Comestibles
 f - 2 rations


   Skills:
 + Level 4.5 Fighting
 + Level 0.5 Short Blades
 + Level 0.5 Long Blades
 + Level 0.5 Axes
 + Level 0.5 Maces & Flails
 + Level 0.5 Polearms
 + Level 0.5 Staves
 + Level 0.5 Slings
 + Level 0.5 Bows
 + Level 2.5 Crossbows
 + Level 0.5 Throwing
 + Level 0.5 Armour
 + Level 0.5 Dodging
 + Level 0.5 Stealth
 + Level 0.5 Shields
 + Level 0.5 Unarmed Combat
 + Level 9.2 Spellcasting
 + Level 0.4 Conjurations
 + Level 0.4 Hexes
 + Level 0.4 Charms
 + Level 0.4 Summonings
 + Level 2.0 Necromancy
 + Level 0.4 Translocations
 + Level 0.4 Transmutations
 + Level 0.4 Fire Magic
 + Level 0.4 Ice Magic
 + Level 0.4 Air Magic
 + Level 0.4 Earth Magic
 + Level 0.4 Poison Magic
 + Level 0.7 Invocations
 + Level 4.5 Evocations


You had 19 spell levels left.
You knew the following spells:

 Your Spells              Type           Power        Failure   Level  Hunger
a - Magic Dart            Conj           #...         11%         1    None


Dungeon Overview and Level Annotations

Branches:
Dungeon (2/15)

Altars:


Innate Abilities, Weirdness & Mutations

Your experience applies equally to all skills.
You have very sharp teeth.
Your uncanny sense of smell can sniff out nearby items.


Message History

Confirm with . or Enter, or press ? or * to list all spells.
Aiming: Magic Dart
Press: ? - help, Shift-Dir - straight line, f/p - adder
Aim: an adder (heavily wounded)
You miscast Magic Dart.
The air around you crackles with energy!
The adder bites you but does no damage. The ball python completely misses you.
The ball python constricts you. The goblin hits you.
* * * LOW HITPOINT WARNING * * *
The adder bites you.
* * * LOW HITPOINT WARNING * * *
You are more poisoned.
The adder poisons you!
It was a potion of resistance.
You feel protected.
* * * LOW HITPOINT WARNING * * *
You feel sick. The ball python closely misses you.
* * * LOW HITPOINT WARNING * * *
The ball python constricts you. The adder bites you.
You die...

##... ####..# ∆
#..#.#####†....#
....##....##### .
#............#
..#####.#.######..#
#................##
#....#....####### ∆
...##?...###
......g@##
.####.SS# #......
#....... #........
...........
###.........#
####.######


You could see an adder, a goblin and a ball python.

Vanquished Creatures
  An adder (D:2)
  2 bats
  3 giant cockroaches
  4 hobgoblins
  A frilled lizard (D:1)
  A goblin (D:1)
  A kobold (D:1)
  3 rats (D:1)
16 creatures vanquished.

Notes
Turn   | Place    | Note
-------+----------+-------------------------------------------
     0 | D:1      | Reached skill level 9 in Spellcasting
     0 | D:1      | manyhoops the Gnoll Wanderer began the quest for the Orb.
     0 | D:1      | manyhoops set off with: a book of Minor Magic, the Almanac of Poisoning, a scroll of teleportation, a +0 robe, a +0 club, a ration
     0 | D:1      | Reached XP level 1. HP: 20/20 MP: 10/10
     0 | D:1      | Identified the Almanac of Poisoning
     2 | D:1      | Learned a level 1 spell: Magic Dart
   367 | D:1      | Reached XP level 2. HP: 23/26 MP: 12/12
   844 | D:2      | Reached XP level 3. HP: 31/31 MP: 13/13
   869 | D:2      | HP: 1/31 [ball python (1)]
   869 | D:2      | Slain by an adder

Skill      XL: |  1 |
---------------+----+-----
Spellcasting   | |  9.2
Necromancy     | 2 |  2.0
Fighting       | |  4.5
Short Blades   | |  0.5
Long Blades    | |  0.5
Axes           | |  0.5
Maces & Flails | |  0.5
Polearms       | |  0.5
Staves         | |  0.5
Slings         | |  0.5
Bows           | |  0.5
Crossbows      | |  2.5
Throwing       | |  0.5
Armour         | |  0.5
Dodging        | |  0.5
Stealth        | |  0.5
Shields        | |  0.5
Unarmed Combat | |  0.5
Conjurations   | |  0.4
Hexes          | |  0.4
Charms         | |  0.4
Summonings     | |  0.4
Translocations | |  0.4
Transmutations | |  0.4
Fire Magic     | |  0.4
Ice Magic      | |  0.4
Air Magic      | |  0.4
Earth Magic    | |  0.4
Poison Magic   | |  0.4
Invocations    | |  0.7
Evocations     | |  4.5

Action                   || total
-------------------------++-------
Melee: Club              ||    12
       Bite              ||     5
       Mace              ||    17
 Cast: Magic Dart        ||    27
  Use: Potion            ||     1
 Stab: Sleeping          ||     1
Armor: Robe              ||    16
Dodge: Dodged            ||    35
